 Dungeon Crawl Stone Soup version 0.17.1-1-g73c8601 (webtiles) character file.

417 Mysteryquy the Cudgeler (level 6, -3/37 HPs)
             Began as a Gargoyle Fighter on Jan 4, 2016.
             Slain by a mummy (10 damage)
             ... in an ossuary on Jan 5, 2016.
             The game lasted 00:04:58 (2199 turns).

Mysteryquy the Cudgeler (Gargoyle Fighter)          Turns: 2199, Time: 00:04:58

Health: -3/37      AC: 11    Str: 22    XL:     6   Next: 92%
Magic:  6/6        EV:  7    Int:  8    God:
Gold:   189        SH:  9    Dex:  9    Spells: 0 memorised, 5 levels left

rFire  + . .     SeeInvis .     a - +0 flail
rCold  . . .     Clarity  .     b - +0 scale mail
rNeg   + . .     SustAt   .     c - +0 shield
rPois  ∞         Gourm    .     (no helmet)
rElec  +         Spirit   .     (no cloak)
rCorr  .         Warding  .     (no gloves)
rMut   .         Stasis   .     (no boots)
MR     .....                    (no amulet)
Stlth  ..........               (no ring)
                                f - ring of protection from fire

@: not resistant to hostile enchantments, extremely unstealthy
A: negative energy resistance 1, electricity resistance, unbreathing,
petrification resistance, rot immunity, AC +4
a: no special abilities


You were in an ossuary.
You were hungry.

You visited 1 branch of the dungeon, and saw 4 of its levels.
You also visited: Ossuary.

You collected 189 gold pieces.

Inventory:

Hand Weapons
 a - a +0 flail (weapon)
Armour
 b - a +0 scale mail (worn)
 c - a +0 shield (worn)
 s - a +0 plate armour
Jewellery
 f - a ring of protection from fire (left hand)
 q - a +3 ring of evasion {unknown}
Scrolls
 h - 2 scrolls of random uselessness {unknown}
 j - 5 scrolls of identify {unknown}
 k - 2 scrolls of enchant armour {unknown}
 o - 4 scrolls of remove curse {unknown}
 r - a scroll of enchant weapon {unknown}
Potions
 d - 2 potions of haste
 i - 2 potions of brilliance {unknown}
 l - a potion of agility {unknown}
 m - 2 potions of magic {unknown}
 n - a potion of mutation {unknown}
 p - 4 potions of heal wounds {unknown}
Comestibles
 e - 6 bread rations
 g - 6 meat rations


   Skills:
 - Level 3.2 Fighting
 + Level 7.2 Maces & Flails
 - Level 3.2 Armour
 - Level 3.2 Shields


You had 5 spell levels left.
You didn't know any spells.

Dungeon Overview and Level Annotations

Branches:
Dungeon (4/15)
 Temple: D:4-7

Altars:

Shops:
D:4 [}


Innate Abilities, Weirdness & Mutations

You are resistant to torment.
Your stone body is resilient (AC +4).
You are immune to poison.
You resist negative energy.
You are resistant to electric shocks.
You can survive without breathing.
You are immune to petrification.
You are immune to rotting.


Message History

* * * LOW HITPOINT WARNING * * *
The jackal zombie bites you but does no damage. x2
The goblin zombie hits you but does no damage.
The goblin zombie completely misses you.
The mummy hits you but does no damage.
You sock the big kobold zombie!
The jackal zombie bites you but does no damage. x2
The big kobold zombie hits you but does no damage.
You block the goblin zombie's attack. The goblin zombie closely misses you.
The mummy hits you but does no damage.
You barely miss the big kobold zombie.
The jackal zombie bites you but does no damage. x2
The big kobold zombie barely misses you.
The goblin zombie hits you but does no damage.
The jackal zombie closely misses you. You block the goblin zombie's attack.
You barely miss the big kobold zombie.
The jackal zombie bites you but does no damage.
The big kobold zombie hits you but does no damage.
The mummy hits you!
You die...

................ .....#
...............# .....#
...............##.....#
......................#
......................
...................#
..............Z...#
.......∩∩....ZMZZ.#
............ZZ@...#
.............Z.M...#
......................
...............##.....#
...............# .....#
......................#
......................#
###...... #+#


You could see 2 mummies, 2 jackal zombies, 2 goblin zombies, a kobold zombie and
2 big kobold zombies.

Vanquished Creatures
  The ghost of Clownie the Charmwright, an amateur DgSk (D:3)
  A centaur (D:3)
  A human zombie (Ossuary)
  Ijyb (D:2)
  A worker ant (D:4)
  3 big kobold zombies (Ossuary)
  A gnoll (D:1)
  3 adders
  An ooze (D:2)
  An adder zombie (Ossuary)
  2 worms
  5 orcs (D:3)
  A ball python (D:3)
  2 giant cockroaches
  8 hobgoblins
  A ball python skeleton (D:4)
  5 bats
  3 giant geckos (D:2)
  6 giant newts
  5 goblins
  13 kobolds
  5 rats
70 creatures vanquished.

Notes
Turn   | Place    | Note
--------------------------------------------------------------
     0 | D:1      | Mysteryquy the Gargoyle Fighter began the quest for the Orb.
     0 | D:1      | Reached XP level 1. HP: 14/14 MP: 1/1
   222 | D:1      | Reached XP level 2. HP: 16/19 MP: 2/2
   481 | D:1      | Reached XP level 3. HP: 19/23 MP: 3/3
   506 | D:2      | Noticed Ijyb
   533 | D:2      | Killed Ijyb
   533 | D:2      | Reached skill level 4 in Maces & Flails
   594 | D:2      | Reached XP level 4. HP: 24/28 MP: 4/4
  1100 | D:3      | Noticed a centaur
  1121 | D:3      | Killed a centaur
  1121 | D:3      | Reached skill level 5 in Maces & Flails
  1121 | D:3      | Reached XP level 5. HP: 25/32 MP: 5/5
  1367 | D:3      | Noticed Clownie's ghost (amateur DgSk)
  1377 | D:3      | Killed Clownie's ghost
  1377 | D:3      | Reached skill level 6 in Maces & Flails
  1377 | D:3      | Reached XP level 6. HP: 28/37 MP: 6/6
  1823 | D:4      | Found Lusasuf's Gadget Emporium.
  1874 | D:4      | Found Hatim's Armour Boutique.
  2113 | D:4      | Found a sand-covered staircase.
  2123 | Ossuary  | Entered an ossuary
  2151 | Ossuary  | Reached skill level 7 in Maces & Flails
  2199 | Ossuary  | Slain by a mummy

Action                   |  1- 3 |  4- 6 || total
-------------------------+-------+-------++-------
Melee: Flail             |   102 |   236 ||   338
  Use: Potion            |       |     1 ||     1
  Eat: Chunk             |       |     4 ||     4
